 Dungeon Crawl Stone Soup version 0.26.0-45-g9c1d065592 (webtiles) character file.

Game seed: 15309597685470957540

(classic levelgen) 193 thiole the Stinger (level 5, -5/31 HPs)
             Began as an Octopode Venom Mage on Jan 30, 2021.
             Slain by a wraith (10 damage)
             ... in an ossuary.
             The game lasted 00:05:05 (5124 turns).

thiole the Stinger (Octopode Venom Mage)            Turns: 5124, Time: 00:05:05

Health: -5/31      AC:  1    Str:  5 (8)  XL:     5   Next: 72%
Magic:  10/10      EV: 13    Int: 18 (20) God:
Gold:   243        SH:  0    Dex: 14 (16) Spells: 4/11 levels left

rFire    . . .     SeeInvis .   (no weapon)
rCold    . . .     Faith    .   (no shield)
rNeg     . . .     Spirit   .   (helmet restricted)
rPois    .         Reflect  .   (no amulet)
rElec    .         Harm     .   (no ring)
rCorr    .         Rampage  .   (no ring)
Will     .....                  (no ring)
Stlth    +++.......             (no ring)
HPRegen  0.10/turn              (no ring)
MPRegen  0.12/turn              (no ring)
                                (no ring)
                                (no ring)

@: flying, slowed, very slow
A: almost no armour, stealthy swim, amphibious, 8 rings, constrict 8, camouflage
1, agile 2, clever 1, gelatinous body 1
a: no special abilities


You were in an ossuary.
You visited 1 branch of the dungeon, and saw 4 of its levels.
You also visited: Ossuary.

You collected 243 gold pieces.

Inventory:

Missiles
 i - 112 stones
Jewellery
 q - an uncursed ring of protection from fire {unknown}
 u - an uncursed ring of see invisible {unknown}
Wands
 v - a wand of polymorph (7)
Scrolls
 c - 3 scrolls of blinking {unknown}
 f - a scroll of magic mapping {unknown}
 g - 2 scrolls of enchant weapon {unknown}
 h - 4 scrolls of teleportation {unknown}
 j - 5 scrolls of remove curse {unknown}
 k - 6 scrolls of identify {unknown}
 l - a scroll of immolation {unknown}
 m - a scroll of fog {unknown}
 n - 2 scrolls of random uselessness {unknown}
 s - 2 scrolls of amnesia {unknown}
Potions
 a - a potion of flight
 d - a potion of mutation
 e - a potion of degeneration
 o - a potion of might {unknown}
 p - a potion of attraction {unknown}
 r - a potion of brilliance {unknown}
 t - a potion of lignification {unknown}
 w - 2 potions of resistance {unknown}
 x - 2 potions of haste {unknown}
 z - 2 potions of berserk rage {unknown}
 A - a potion of curing {unknown}


   Skills:
 - Level 2.0 Dodging
 - Level 2.6 Stealth
 + Level 3.9 Spellcasting
 - Level 1.0 Transmutations
 - Level 6.0 Poison Magic


You had 4 spell levels left.
You knew the following spells:

 Your Spells              Type           Power        Failure   Level
a - Sting                 Tmut/Pois      64%          3%          1
b - Mephitic Cloud        Conj/Pois/Air  10%          21%         3
c - Ignite Poison         Fire/Tmut/Pois 11%          17%         3

Your spell library contained the following spells:

 Spells                   Type           Power        Failure   Level
 Poisonous Vapours        Pois/Air       28%          7%          2
 Olgreb's Toxic Radiance  Pois           25%          13%         4


Dungeon Overview and Level Annotations

Branches:
Dungeon (4/15)            Ossuary (1/1)
 Temple: D:4-7

Altars:
Qazlal


Innate Abilities, Weirdness & Mutations

You cannot wear most types of armour.
You are very stealthy in the water. (Stealth+)
You are amphibious.
You can wear up to eight rings at the same time.
You can use your tentacles to constrict eight enemies at once.
Your skin changes colour to match your surroundings (Stealth+).
Your rubbery body absorbs attacks. (AC +1, EV +1)
You are very agile. (Dex +4)
Your mind is acute. (Int +2)


Message History

The wraith hits you. The wraith drains your vigour!
You feel as though you will be slow longer.
You tentacle-slap the wraith but do no damage.
The wraith closely misses you. The wraith misses you.
You barely miss the wraith. The wraith hits you.
Casting: Mephitic Cloud (quite dangerous; 21% risk of failure)
Confirm with . or Enter, or press ? or * to list all spells.
Okay, then.
You are confused.
You feel invigorated. The wraith misses you. The wraith hits you!
The wraith drains your vigour!
You feel as though you will be slow longer.
You bump into the rock wall.
The wraith hits you!
* * * LOW HITPOINT WARNING * * *
You bump into the rock wall.
You feel less invigorated.
You feel less confused. The wraith hits you!
* * * LOW HITPOINT WARNING * * *
The wraith hits you!
You die...

#......^^#.#..#.#..#. ###
#.................... #W#
#..####.......###.... ###
#..#.'....8...# #...8 ##.##
#.^####.......# #....
##...###......^....^.#.#....
##.....##...............^....
#...∩.^.'..####..####.....###
#W#.......'..#@W...# ...8...
###.^.∩...'..####..####.....###
##.....##....................
##...###^............#.#....
##.## #..####.......# #.... ###
#..# ....8...# #^..8 #W#
#..####.......###....
#.............^......
#.......^#.#..#.#..#.


You could see a wraith.

Vanquished Creatures
  3 mummies (Ossuary)
  7 adders
  An ooze (D:4)
  4 dart slugs
  5 leopard geckos
  An orc (D:3)
  7 giant cockroaches
  5 goblins
  14 hobgoblins
  2 quokkas
  6 bats
  4 frilled lizards
  A goblin zombie (Ossuary)
  2 hobgoblin zombies (Ossuary)
  6 kobolds
  2 kobold zombies (Ossuary)
  A leopard gecko skeleton (D:2)
  9 rats
80 creatures vanquished.

Notes
Turn   | Place    | Note
-------+----------+-------------------------------------------
     0 | D:1      | thiole the Octopode Venom Mage began the quest for the Orb.
     0 | D:1      | Reached XP level 1. HP: 11/11 MP: 3/3
   128 | D:1      | Reached skill level 4 in Poison Magic
   185 | D:1      | Reached XP level 2. HP: 3/17 MP: 0/5
   845 | D:1      | Reached skill level 5 in Poison Magic
   845 | D:1      | Reached XP level 3. HP: 18/21 MP: 0/6
  1807 | D:2      | Found a stormy altar of Qazlal.
  2241 | D:2      | Reached XP level 4. HP: 22/27 MP: 2/7
  2261 | D:2      | Reached skill level 6 in Poison Magic
  3711 | D:3      | Reached XP level 5. HP: 27/31 MP: 4/9
  4671 | D:4      | Found a sand-covered staircase.
  4680 | Ossuary  | Entered an ossuary
  4680 | Ossuary  | Noticed a wraith
  4680 | Ossuary  | Noticed a wraith
  4680 | Ossuary  | Noticed a wraith
  4685 | Ossuary  | Learned a level 3 spell: Mephitic Cloud
  4689 | Ossuary  | Learned a level 3 spell: Ignite Poison
  5105 | Ossuary  | Noticed a wraith
  5112 | Ossuary  | Gained mutation: You are agile. (Dex +2) [potion of
                  | mutation]
  5112 | Ossuary  | Gained mutation: Your mind is acute. (Int +2) [potion of
                  | mutation]
  5112 | Ossuary  | Gained mutation: You are very agile. (Dex +4) [potion of
                  | mutation]
  5124 | Ossuary  | Slain by a wraith

Illustrated notes

Levels and vault maps discovered:
D:1:      dpeg_arrival_ratfight, layout_basic, minmay_liquid_box
D:2:      layout_loops_ring, old_standard_altar, minmay_randomly_rotated_circles
D:3:      minmay_wonky_spiral, layout_basic
D:4:      layout_loops_ring, grunt_temple_overflow_open,
          chequers_ossuary_entry_cave
Ossuary:  ossuary_kennysheep_city_of_the_dead

Skill      XL: |  1  2  3  4  5 |
---------------+----------------+-----
Poison Magic   | 4 5 6 |  6.0
Spellcasting   | 3 |  3.9
Dodging        | |  2.0
Stealth        | |  2.6
Transmutations | |  1.0

Action                   |  1- 3 |  4- 6 || total
-------------------------+-------+-------++-------
Melee: Unarmed           |    25 |    54 ||    79
       Constrict         |    11 |    17 ||    28
       Tentacles         |     3 |     9 ||    12
 Cast: Sting             |    65 |    69 ||   134
       Mephitic Cloud    |       |     2 ||     2
  Use: Potion            |       |     5 ||     5
 Stab: Sleeping          |     1 |     4 ||     5
Armor: Skin              |     3 |     4 ||     7
Dodge: Dodged            |    25 |    54 ||    79
